 Dungeon Crawl Stone Soup version 0.16.1-28-gcc2312f (webtiles) character file.

56 Kidiri the Firebug (level 3, 0/28 HPs)
             Began as a Draconian Fire Elementalist on May 28, 2015.
             Killed from afar by Kidiri's ghost (9 damage)
             ... with a magic dart
             ... on level 3 of the Dungeon.
             The game lasted 00:15:37 (2285 turns).

Kidiri the Firebug (Draconian Fire Elementalist)    Turns: 2285, Time: 00:15:37

Health: 0/28       AC:  5    Str: 10    XL:     3   Next: 71%
Magic:  3/6        EV: 18    Int: 16    God:
Gold:   134        SH:  0    Dex: 16    Spells: 3 memorised, 0 levels left

rFire  . . .     SeeInvis .     j - -1 short sword (curse)
rCold  . . .     Clarity  .     (armour unavailable)
rNeg   . . .     SustAb   .     (no shield)
rPois  .         Gourm    .     (helmet restricted)
rElec  .         Spirit   .     (no cloak)
rCorr  .         Warding  .     (no gloves)
rMut   .         Stasis   .     (no boots)
MR     .....                    (no amulet)
Stlth  +++.......               (no ring)
                                (no ring)

@: agile, not resistant to hostile enchantments, fairly stealthy
A: unfitting armour, cold-blooded, AC +5
a: no special abilities


You were on level 3 of the Dungeon.
You were hungry.

You visited 1 branch of the dungeon, and saw 3 of its levels.

You collected 134 gold pieces.

Inventory:

Hand weapons
 d - a +0 club
 j - a cursed -1 short sword (weapon)
 l - a +0 short sword
 n - a +0 short sword
Scrolls
 i - 2 scrolls of fog
 o - 2 scrolls of amnesia
Potions
 a - a potion of curing {unknown}
 e - a potion of heal wounds {unknown}
 k - a potion of flight {unknown}
Books
 b - a book of Flames

   Spells                             Type                      Level
   a - Flame Tongue                   Conjuration/Fire             1
   b - Throw Flame                    Conjuration/Fire             2
   c - Conjure Flame                  Conjuration/Fire             3
   d - Inner Flame                    Hexes/Fire                   3
   e - Sticky Flame                   Conjuration/Fire             4
   f - Fireball                       Conjuration/Fire             5
Comestibles
 c - 2 bread rations
 f - 4 meat rations
 h - 3 fruits
 m - a slice of pizza


   Skills:
 + Level 1.2 Fighting
 + Level 2.1 Dodging
 + Level 2.1 Stealth
 * Level 2.2 Spellcasting
 * Level 2.0 Conjurations
 * Level 3.3 Fire Magic


You couldn't memorise any spells.
You knew the following spells:

 Your Spells              Type           Power        Failure   Level  Hunger
a - Flame Tongue          Conj/Fire      ##...        10%         1    #......
b - Throw Flame           Conj/Fire      ##....       12%         2    ###....
c - Conjure Flame         Conj/Fire      ##......     21%         3    ###....


Dungeon Overview and Level Annotations

Branches:
Dungeon (3/15)

Altars:
Elyvilon
Fedhas
Xom

Annotations:
D:3 Kidiri's ghost, average DrCj


Innate Abilities, Weirdness & Mutations

Your plain brown scales are hard (AC +5).
Your body does not fit into most forms of armour.
Your cold-blooded metabolism reacts poorly to cold.


Message History

The spray of energy misses you.
Kidiri's ghost shrieks, "What do you have that I didn't have?"
That item cannot be evoked!
Kidiri's ghost points at you and mumbles some strange words.
The spray of energy misses you.
Drink which item? (? for menu, Esc to quit)
Okay, then.
Kidiri's ghost gestures at you while chanting.
The spray of energy misses you.
Casting: Throw Flame
Confirm with . or Enter, or press ? or * to list all spells.
Aiming: Conjure Flame
Press: ? - help, Dir - move target cursor The fire roars!
Kidiri's ghost casts a spell at you. The spray of energy misses you.
Kidiri's ghost is engulfed in roaring flames.
Kidiri's ghost points at you and mumbles some strange words.
The magic dart hits you!
You die...

#.##...........#
#...####W#####.#
###. #.# . #.
#.# #. #.# #.
#.# #. #.# #.
#.## . #.@# ##.#
#.# #.# #.# ...
#.. ###


You could see Kidiri's ghost.

Vanquished Creatures
  2 worms (D:2)
  3 giant geckos (D:1)
  2 oozes (D:2)
  A ball python (D:2)
  2 giant cockroaches
  2 goblins (D:1)
  7 hobgoblins
  A quokka (D:2)
  4 bats
  5 kobolds
  10 rats
39 creatures vanquished.

Notes
Turn   | Place    | Note
--------------------------------------------------------------
     0 | D:1      | Kidiri, the Draconian Fire Elementalist, began the quest for the Orb.
     0 | D:1      | Reached XP level 1. HP: 14/14 MP: 3/3
   211 | D:1      | Reached XP level 2. HP: 20/20 MP: 0/4
   275 | D:1      | Learned a level 2 spell: Throw Flame
  1392 | D:2      | Found a shimmering altar of Xom.
  1514 | D:2      | Reached XP level 3. HP: 27/27 MP: 6/6
  1528 | D:2      | Learned a level 3 spell: Conjure Flame
  1787 | D:2      | Reached skill level 1 in Fighting
  1855 | D:2      | Found a white marble altar of Elyvilon.
  2158 | D:3      | Found a blossoming altar of Fedhas.
  2243 | D:3      | Noticed Kidiri's ghost (average DrCj)
  2285 | D:3      | Killed from afar by Kidiri's ghost

Action                   || total
-------------------------++-------
Melee: Unarmed           ||     3
       Club              ||     4
       Short sword       ||    58
 Cast: Flame Tongue      ||    55
       Throw Flame       ||     5
       Conjure Flame     ||     2
  Use: Scroll            ||     6
       Potion            ||     1
  Eat: Chunk             ||     4
       Fruit             ||     1
